Map: Newkirk Precinct TE (Void)

Players

PtitDrogo - Winner!

  • Race: Protoss Protoss
  • Spawn Location: 7:00

Raze

  • Race: Terran Terran
  • Spawn Location: 5:00

Event: WCS Austin 2017

VOD

Have the link to the VOD?

Description

Time

  • Played on: April 28, 2017, 8:30 p.m.
  • Length: 10:44

All games in this series

Show
View Real Time Build Order
Export as new Build Order

PtitDrogo Protoss - Winner!

Build Orders: Oracle Opening, Phoenix Opening 

Get SALT Encoding   

  12  0:00  Probe (Chrono Boost)  
  13  0:11  Probe (Chrono Boost)  
  14  0:17  Pylon  
  14  0:22  Probe (Chrono Boost)  
  16  0:35  Probe (Chrono Boost)  
  16  0:37  Gateway  
  16  0:42  Assimilator  
  16  0:46  Probe (Chrono Boost)  
  17  0:51  Assimilator  
  17  0:56  Probe (Chrono Boost)  
  18  1:07  Probe (Chrono Boost)  
  19  1:18  Probe (Chrono Boost)  
  20  1:21  Pylon  
  20  1:25  Cybernetics Core  
  20  1:28  Probe (Chrono Boost)  
  21  1:39  Probe (Chrono Boost)  
  22  1:50  Probe (Chrono Boost)  
  23  2:01  Adept  
  23  2:02  Mothership Core (Chrono Boost), Stargate  
  27  2:26  Probe (Chrono Boost)  
  28  2:30  Nexus  
  28  2:41  Oracle  
  29  2:45  Pylon  
  29  2:47  Warp Gate  
  31  3:05  Probe (Chrono Boost)  
  32  3:15  Oracle  
  35  3:31  Probe (Chrono Boost)  
  36  3:44  Probe (Chrono Boost)  
  36  3:45  Probe (Chrono Boost)  
  36  3:48  Phoenix  
  41  3:56  Probe x2 (Chrono Boost)  
  41  4:00  Pylon  
  42  4:06  Probe (Chrono Boost)  
  42  4:08  Probe (Chrono Boost)  
  44  4:16  Phoenix  
  44  4:17  Nexus  
  44  4:20  Probe x2 (Chrono Boost)  
  48  4:30  Probe (Chrono Boost), Gateway x2  
  49  4:34  Probe (Chrono Boost)  
  48  4:46  Phoenix  
  48  4:51  Probe (Chrono Boost)  
  48  4:53  Probe (Chrono Boost)  
  48  4:59  Assimilator x2  
  49  5:03  Probe x2 (Chrono Boost)  
  51  5:07  Twilight Council  
  51  5:08  Forge  
  51  5:10  Phoenix  
  55  5:14  Probe (Chrono Boost)  
  55  5:15  Probe (Chrono Boost)  
  55  5:24  Probe (Chrono Boost)  
  55  5:27  Probe (Chrono Boost)  
  57  5:30  Protoss Ground Weapons Level 1  
  57  5:31  Probe (Chrono Boost), Resonating Glaives  
  57  5:35  Probe (Chrono Boost)  
  59  5:36  Phoenix  
  59  5:39  Probe (Chrono Boost)  
  59  5:42  Probe (Chrono Boost)  
  63  5:48  Probe (Chrono Boost)  
  65  5:51  Probe (Chrono Boost), Pylon  
  65  5:57  Pylon  
  65  5:59  Probe (Chrono Boost)  
  65  6:01  Probe (Chrono Boost), Phoenix  
  65  6:03  Probe (Chrono Boost)  
  70  6:10  Probe (Chrono Boost)  
  72  6:13  Probe (Chrono Boost)  
  72  6:15  Probe (Chrono Boost)  
  73  6:20  Probe (Chrono Boost)  
  73  6:24  Gateway  
  73  6:25  Probe (Chrono Boost)  
  75  6:26  Gateway, Phoenix  
  75  6:28  Probe (Chrono Boost)  
  75  6:29  Gateway  
  75  6:31  Gateway  
  78  6:34  Probe (Chrono Boost)  
  78  6:36  Gateway  
  78  6:37  Probe (Chrono Boost)  
  80  6:51  Phoenix  
  80  6:52  Adept x3  
  88  6:56  Pylon  
  88  6:57  Pylon  
  88  6:59  Pylon  
  88  7:03  Probe (Chrono Boost)  
  89  7:09  Pylon x2  
  89  7:11  Probe (Chrono Boost)  
  89  7:13  Robotics Facility  
  89  7:14  Photon Cannon  
  90  7:17  Phoenix  
  90  7:18  Pylon  
  90  7:21  Adept  
  90  7:22  Adept x2  
  98  7:23  Adept  
  100  7:35  Adept  
  100  7:36  Adept x3  
  108  7:37  Protoss Ground Armor Level 1  
  108  7:40  Assimilator  
  108  7:42  Phoenix  
  110  7:44  Assimilator  
  110  7:48  Adept x4  
  118  7:55  Pylon  
  118  8:06  Photon Cannon  
  118  8:07  Observer, Phoenix  
  118  8:08  Adept x4  
  129  8:15  Robotics Bay  
  129  8:28  Robotics Facility  
  131  8:36  Sentry x2  
  131  8:37  Adept x4  
  143  8:44  Adept x2  
  145  8:58  Extended Thermal Lance  
  145  9:03  Pylon  
  145  9:04  Pylon x2  
  145  9:09  Nexus  
  145  9:10  Pylon  
  145  9:13  Colossus  
  145  9:14  Colossus  
  157  9:27  Pylon  
  157  9:28  Adept x3  
  161  9:45  Pylon  
  161  9:48  Pylon  
  161  10:01  Photon Cannon  
  159  10:11  Adept x2  
  159  10:12  Adept x2  
  179  10:23  Stalker x4  
Show
View Real Time Build Order
Export as new Build Order

Raze Terran 

Build Orders: Reaper Expand, MMM Bio 

Get SALT Encoding   

  12  0:00  SCV  
  13  0:12  SCV  
  14  0:18  Supply Depot  
  14  0:24  SCV  
  15  0:29  Refinery  
  15  0:39  SCV  
  16  0:46  Barracks  
  16  0:51  SCV  
  17  1:03  SCV  
  18  1:15  SCV  
  19  1:32  Orbital Command  
  19  1:33  Reaper  
  20  1:44  Command Center  
  20  1:55  Factory  
  20  1:58  SCV  
  21  2:06  Barracks Reactor  
  21  2:10  SCV  
  21  2:12  Supply Depot  
  22  2:16  Refinery  
  22  2:22  SCV  
  23  2:34  SCV  
  23  2:44  Starport, Marine x2  
  23  2:47  Widow Mine, SCV  
  28  2:56  Orbital Command  
  28  2:59  SCV  
  28  3:02  Marine x2  
  31  3:19  Widow Mine  
  31  3:20  Marine x2  
  31  3:21  Viking  
  31  3:26  SCV  
  34  3:37  Marine  
  34  3:38  Marine  
  34  3:40  Barracks  
  34  3:45  SCV  
  34  3:51  SCV  
  34  3:55  Marine x2  
  35  3:58  SCV  
  38  4:08  Barracks  
  38  4:11  SCV  
  38  4:13  Marine x2  
  38  4:15  SCV  
  41  4:20  Factory Tech Lab, Starport Tech Lab  
  41  4:23  SCV  
  42  4:28  SCV  
  42  4:31  Marine x2  
  43  4:35  SCV  
  42  4:40  SCV  
  35  4:48  SCV  
  35  4:49  Marine x2  
  38  4:52  SCV  
  37  5:00  SCV  
  37  5:06  Marine, SCV  
  37  5:07  Marine  
  39  5:10  Marine  
  39  5:12  SCV  
  43  5:18  Combat Shields  
  43  5:21  Stimpack  
  43  5:22  SCV  
  43  5:24  Marine x2  
  43  5:25  Starport Reactor  
  43  5:26  Factory Reactor  
  46  5:38  Marine  
  46  5:41  Marine  
  46  5:42  Supply Depot  
  46  5:47  Supply Depot  
  46  5:55  Supply Depot  
  46  6:04  Medivac, Marine x4, SCV x2  
  46  6:06  Supply Depot  
  46  6:08  Medivac  
  46  6:10  Widow Mine x2  
  60  6:16  SCV x2  
  61  6:19  Engineering Bay  
  61  6:25  Marine x2  
  61  6:28  SCV x2  
  61  6:31  Marauder, Marine  
  68  6:37  Supply Depot  
  68  6:40  SCV x2  
  68  6:43  Marine  
  70  6:47  Marine  
  70  6:48  Medivac  
  70  6:49  Marine  
  70  6:52  Terran Infantry Weapons Level 1, Marine, SCV x2  
  77  7:01  Supply Depot, Widow Mine x2  
  79  7:09  SCV x2  
  79  7:14  Marauder x2, Marine  
  86  7:19  Supply Depot  
  86  7:22  Marine  
  87  7:33  SCV  
  88  7:39  Widow Mine, Medivac x2, Concussive Shells  
  88  7:40  Widow Mine, Barracks x2  
  94  7:52  Refinery, Marauder, Marine  
  94  7:53  Refinery  
  97  7:59  Supply Depot  
  97  8:00  SCV  
  94  8:08  Marauder, Marine  
  94  8:09  Marine  
  98  8:13  Marauder  
  98  8:14  Widow Mine  
  98  8:18  Widow Mine  
  102  8:26  Supply Depot, Marine  
  103  8:27  Barracks Tech Lab  
  103  8:29  Barracks Reactor  
  103  8:30  Marauder  
  103  8:33  Medivac  
  107  8:35  Marauder  
  109  8:44  Marine  
  109  8:46  Terran Infantry Armor Level 1  
  109  8:47  Widow Mine x2  
  114  8:50  Supply Depot  
  114  8:51  Marauder  
  116  8:56  Marauder  
  116  8:58  Supply Depot  
  118  9:11  Supply Depot  
  118  9:12  Marauder x2, Marine x2  
  123  9:21  Marine x2  
  123  9:22  Marauder  
  127  9:26  Widow Mine x2  
  127  9:31  Supply Depot  
  131  9:33  Marauder  
  131  9:43  Marine  
  131  9:44  Marauder x2  
  136  9:49  Marine x2  
  138  9:54  Supply Depot  
  138  9:55  Marauder  
  140  10:00  Orbital Command  
  140  10:05  Viking, Marauder  
  144  10:13  Viking  
  146  10:21  Marauder  
Tags
 
Add a new tag
Caveats
  • Supply blocks, unpowered buildings, or Contaminate may cause inaccurate times.
  • Supply counts are checked every 10 seconds.